 Dungeon Crawl Stone Soup version 0.30-a0-394-g3e4acdb0ae (webtiles) character file.

Game seed: 16445355536466404183

5194 porpoise the Basher (level 10, -5/92 HPs)
             Began as an Armataur Fighter on Dec 7, 2022.
             Was a High Priest of Okawaru.
             Slain by a komodo dragon (25 damage)
             ... on level 8 of the Dungeon.
             The game lasted 00:35:43 (8160 turns).

porpoise the Basher (Armataur Fighter)              Turns: 8160, Time: 00:35:44

Health: -5/92      AC: 16    Str: 26    XL:     10   Next: 34%
Magic:  10/10      EV:  8    Int:  9    God:    Okawaru [*****.]
Gold:   163        SH:  5    Dex:  9    Spells: 9/9 levels left

rFire   . . .      SeeInvis .    a - +1 flail
rCold   . . .      Faith    .    c - +1 buckler
rNeg    . . .      Spirit   .    I - +0 scale mail {rPois}
rPois   +          Reflect  .    e - +0 helmet
rElec   .          Harm     .    B - +2 cloak {rCorr}
rCorr   +          Roll     +    (no gloves)
Will    .....                    (no barding)
Stlth   ..........               G - amulet of the acrobat
HPRegen 0.35/turn                t - +4 ring of protection
MPRegen 0.12/turn                F - ring of flight

@: flying
A: large, rugged brown scales 3, deformed body, armoured tail, roll, long
tongue, awkward tongue
a: Renounce Religion, Heroism, Finesse, Duel


You were on level 8 of the Dungeon.
You worshipped Okawaru.
Okawaru was extremely pleased with you.
You visited 2 branches of the dungeon, and saw 9 of its levels.

You collected 379 gold pieces.
You spent 216 gold pieces at shops.

Inventory:

Hand Weapons
 a - a +1 flail (weapon)
 b - a +0 sling
 d - a +1 whip of electrocution
 j - a +2 dagger of venom
 A - a +2 dagger of electrocution
Missiles
 n - 20 poisoned darts (quivered)
 v - 2 boomerangs
 J - a curare-tipped dart
 L - a throwing net
Armour
 c - a +1 buckler (worn)
 e - a +0 helmet (worn)
 B - a +2 cloak of preservation (worn)
 D - a +0 ring mail of fire resistance
 H - a +0 kite shield
 I - a +0 scale mail of poison resistance (worn)
 Q - the +3 leather armour of the Modern Yaks {rPois rCorr Dex-3 Stlth+}
   (You found it on level 7 of the Dungeon)

   Dex:       It affects your dexterity (-3).
   rPois:     It protects you from poison.
   rCorr:     It protects you from acid and corrosion.
   Stlth:     It makes you more stealthy.
 R - a +0 troll leather armour
Magical Staves
 N - a staff of death
Jewellery
 i - a ring of wizardry
 t - a +4 ring of protection (left hand)
 F - a ring of flight (right hand)
 G - an amulet of the acrobat (around neck)
 M - a ring of wizardry
Wands
 u - a wand of acid (10)
 C - a wand of roots (4)
 T - a wand of polymorph (10)
Scrolls
 g - a scroll of amnesia {unknown}
 m - a scroll of fog
 o - a scroll of enchant weapon
 p - 2 scrolls of noise
 w - 2 scrolls of teleportation
 x - 3 scrolls of blinking
 y - a scroll of enchant armour
 O - a scroll of immolation {unknown}
 P - a scroll of fear {unknown}
 U - a scroll of identify
Potions
 f - 4 potions of lignification
 h - a potion of ambrosia
 k - a potion of flight {unknown}
 l - a potion of invisibility {unknown}
 q - 5 potions of curing
 r - 4 potions of mutation
 s - a potion of resistance
 z - a potion of magic {unknown}
 E - a potion of might
 K - a potion of haste
 S - 2 potions of brilliance {unknown}


   Skills:
 - Level 7.0 Fighting
 + Level 10.7 Maces & Flails
 - Level 7.0 Armour
 + Level 3.2 Dodging
 - Level 5.0 Shields


You had 9 spell levels left.
You didn't know any spells.
Your spell library contained the following spells:

 Spells                   Type           Power      Damage    Failure   Level
 Beastly Appendage        Tmut           0%         N/A       71%         1
 Magic Dart               Conj           0%         1d3       71%         1
 Wereblood                Tmut           0%         N/A       83%         2
 Dazzling Flash           Conj/Hex       0%         N/A       97%         3
 Ignite Poison            Fire/Tmut/Pois 0%         N/A       97%         3
 Kindle Blastsparks       Fire/Tloc/Air  0%         2d10      97%         3
 Spider Form              Tmut/Pois      0%         N/A       97%         3
 Iskenderun's Mystic Bla  Conj/Tloc      0%         2d3       100%        4
 Freezing Cloud           Conj/Ice/Air   0%         6-21      100%        5
 Iskenderun's Battlesphe  Conj           0%         2d6       100%        5
 Iron Shot                Conj/Erth      0%         9d1       100%        6
 Starburst                Conj/Fire      0%         6d3       100%        6
 Polar Vortex             Ice            0%         N/A       100%        9
 Simulacrum               Ice/Necr       Unusable   N/A       N/A         6
 Spellforged Servitor     Conj/Summ      Unusable   N/A       N/A         7

Dungeon Overview and Level Annotations

Branches:
Dungeon (8/15)             Temple (1/1) D:4
   Lair: D:8-11

Altars:
Ashenzari
Cheibriados
Dithmenos
Elyvilon
Fedhas
Hepliaklqana
Kikubaaqudgha
Makhleb
Nemelex Xobeh
Okawaru
Qazlal
Ru
Sif Muna
Trog
Uskayaw
Vehumet
Wu Jian
Xom
Yredelemnul
Zin

Shops:
D:3 ?[?[:   D:7 [

Annotations:
D:5 3 runed translucent doors, Lobster4's ghost, novice MfIE
D:6 2 runed translucent doors, Encipher's ghost, novice OpTm


Innate Abilities, Weirdness & Mutations

You are completely covered in rugged brown scales. (AC +3, +7% HP)
Armour fits poorly on your strangely shaped body.
You have a long armoured tail.
You roll when moving toward enemies. (Rampage)
Your long tongue fully drains potion bottles. (2x potion effects)
Your tongue gives you trouble enunciating. (1.5x scroll delay)


Message History

You sock the komodo dragon!
The komodo dragon is heavily wounded.
You hit the komodo dragon but do no damage.
The komodo dragon is heavily wounded.
The komodo dragon bites you!
You are too injured to fight recklessly!
You are too injured to fight recklessly!
You are too injured to fight recklessly!
You hit the komodo dragon.
The komodo dragon is heavily wounded.
The komodo dragon barely misses you.
You barely miss the komodo dragon.
The komodo dragon is heavily wounded.
The komodo dragon bites you but does no damage.
You closely miss the komodo dragon.
The komodo dragon is heavily wounded.
The komodo dragon closely misses you.
You completely miss the komodo dragon.
The komodo dragon is heavily wounded.
You block the komodo dragon's attack.
You sock the komodo dragon!
The komodo dragon is severely wounded.
The komodo dragon bites you!
You closely miss the komodo dragon.
The komodo dragon is severely wounded.
You block the komodo dragon's attack.
You hit the komodo dragon.
The komodo dragon is severely wounded.
The komodo dragon bites you but does no damage.
You hit the komodo dragon.
The komodo dragon is almost dead.
The komodo dragon bites you!
* * * LOW HITPOINT WARNING * * *
You barely miss the komodo dragon.
The komodo dragon is almost dead.
The komodo dragon bites you!
* * * LOW HITPOINT WARNING * * *
You slurp down every last drop of the 6 potions of curing!
You feel better. The komodo dragon bites you!!
You die...

.......#.....≈≈.# #
######.....))...####
##......#..)... .
####.#(.#.#### #. #......####
#.# ###.##.)..# #...
##########....##.#
+.#..#.............##.. .# #.
#..@###########..... ..#
#.###..l...#### ####.#
#..##.#...........# #..
..#.#.≈§≈≈≈≈≈≈≈.### ###
###.....≈.......≈...#####
###...##..≈.♣.♣♣♣.≈.#.....###
#..PP.#..§§§♣...♣.≈.#####..!#
#.≈≈....#§≈§♣._.♣.§(# ###..
#.≈≈P§.##.§.♣...♣.≈.# ##<


You could see a komodo dragon.

Vanquished Creatures
  Pikel (D:4)
  A troll (D:8)
  3 wyverns
  3 steam dragons (D:8)
  Menkaure (D:5)
  A water moccasin (D:5)
  2 ice beasts
  2 black bears
  5 orc warriors
  3 sky beasts
  A centaur (D:5)
  2 phantoms (D:6)
  A kobold brigand (D:5)
  2 bullfrogs
  A gnoll sergeant (D:5)
  2 scorpions
  5 necrophages
  10 wights
  2 howler monkeys (D:8)
  3 hounds
  A human zombie (D:4)
  Crazy Yiuf (D:4)
  2 orc priests (D:6)
  A gnoll bouda (D:4)
  2 iguanas
  Jessica (D:3)
  Ijyb (D:4)
  6 orc wizards
  A scorpion zombie (D:4)
  A hound zombie (D:4)
  2 mummies (D:4)
  10 adders
  9 gnolls
  A shadow imp (D:8)
  A white imp (D:8)
  2 ufetubi
  An adder zombie (D:4)
  2 worms
  2 dart slugs
  21 orcs
  6 endoplasms
  2 giant cockroaches
  2 goblins (D:1)
  4 hobgoblins
  13 jackals
  6 quokkas
  11 ball pythons
  3 bats
  5 frilled lizards
  9 kobolds
  10 rats
190 creatures vanquished.

Vanquished Creatures (others)
  3 demonic plants (D:8)
  9 fungi (D:8)
12 creatures vanquished.

Grand Total: 202 creatures vanquished

Notes
Turn   | Place    | Note
-------+----------+-------------------------------------------
     0 | D:1      | porpoise the Armataur Fighter began the quest for the Orb.
     0 | D:1      | Reached XP level 1. HP: 19/19 MP: 1/1
   249 | D:1      | Reached skill level 2 in Maces & Flails
   341 | D:1      | Reached XP level 2. HP: 24/26 MP: 2/2
   838 | D:2      | Reached XP level 3. HP: 33/33 MP: 3/3
   906 | D:2      | Reached skill level 3 in Maces & Flails
  1194 | D:2      | Reached XP level 4. HP: 31/40 MP: 4/4
  1563 | D:3      | Found Qoph's Armour Boutique.
  1618 | D:3      | Found Qaept's Magic Scroll Shoppe.
  1658 | D:3      | Found Ruus's Antique Armour Shop.
  1692 | D:3      | Found Bivoef's Book Boutique.
  1793 | D:3      | Found a hide-covered altar of Uskayaw.
  1793 | D:3      | Noticed a +0 spear
  1793 | D:3      | Noticed a +0 falchion
  1794 | D:3      | Noticed a +0 dagger
  1794 | D:3      | Noticed a +0 short sword
  1795 | D:3      | Noticed a +0 falchion
  1800 | D:3      | Noticed a +0 short sword
  1804 | D:3      | Noticed a +0 dagger
  1805 | D:3      | Noticed a +0 spear
  1873 | D:3      | Found a sacrificial altar of Ru.
  1976 | D:3      | Noticed Jessica
  1979 | D:3      | Killed Jessica
  1980 | D:3      | Reached skill level 4 in Maces & Flails
  1980 | D:3      | Reached XP level 5. HP: 49/49 MP: 5/5
  2045 | D:3      | Found Oniy's Magic Scroll Emporium.
  2052 | D:3      | Bought a scroll of identify for 22 gold pieces
  2052 | D:3      | Bought a scroll of blinking for 82 gold pieces
  2322 | D:4      | Noticed a black bear
  2335 | D:4      | Killed a black bear
  2336 | D:4      | Reached skill level 5 in Maces & Flails
  2336 | D:4      | Reached XP level 6. HP: 51/55 MP: 6/6
  2351 | D:4      | Found a staircase to the Ecumenical Temple.
  2372 | Temple   | Entered the Ecumenical Temple
  2525 | Temple   | Became a worshipper of Warmaster Okawaru
  3261 | D:4      | Found a runed translucent door.
  3262 | D:4      | Noticed Crazy Yiuf
  3269 | D:4      | Killed Crazy Yiuf
  3419 | D:4      | Noticed Pikel
  3452 | D:4      | Killed Pikel
  3452 | D:4      | Reached * piety under Okawaru
  3452 | D:4      | Reached ** piety under Okawaru
  3453 | D:4      | Reached skill level 5 in Fighting
  3453 | D:4      | Reached skill level 7 in Maces & Flails
  3453 | D:4      | Reached XP level 7. HP: 24/65 MP: 7/7
  3607 | D:4      | Noticed Ijyb
  3625 | D:4      | Killed Ijyb
  3626 | D:4      | Reached XP level 8. HP: 57/73 MP: 8/8
  3909 | D:4      | Found a basalt altar of Yredelemnul.
  3986 | D:4      | Reached skill level 8 in Maces & Flails
  4038 | D:5      | Entered Level 5 of the Dungeon
  4260 | D:5      | Reached *** piety under Okawaru
  4397 | D:5      | Found an ornate altar of the Wu Jian Council.
  4503 | D:3      | Bought a +0 scale mail of poison resistance for 112 gold
                  | pieces
  4561 | D:5      | Found a runed translucent gate.
  4561 | D:5      | Noticed Lobster4's ghost (novice MfIE)
  4562 | D:5      | Found a runed translucent gate.
  4562 | D:5      | Identified the +3 leather armour of Zealous Intercession
                  | {rElec rF- rC- Str+8}
  4564 | D:5      | Found a runed translucent gate.
  4611 | D:5      | Noticed Menkaure
  4620 | D:5      | Killed Menkaure
  4740 | D:5      | Reached skill level 9 in Maces & Flails
  4763 | D:5      | Reached XP level 9. HP: 77/83 MP: 9/9
  4916 | D:5      | Found a radiant altar of Vehumet.
  4919 | D:5      | Got Vehumet's Anthology of Bolts
  4921 | D:5      | Found an ancient bone altar of Kikubaaqudgha.
  4922 | D:5      | Found a shimmering blue altar of Sif Muna.
  5549 | D:6      | Found a runed translucent door.
  5552 | D:6      | Noticed Encipher's ghost (novice OpTm)
  5584 | D:6      | Found a runed translucent door.
  5604 | D:6      | Found a blossoming altar of Fedhas.
  5676 | D:6      | Reached **** piety under Okawaru
  6060 | D:6      | Reached skill level 5 in Armour
  6247 | D:6      | Found a sparkling altar of Nemelex Xobeh.
  6343 | D:6      | Reached skill level 5 in Shields
  6531 | D:7      | Found Lafex's Armour Emporium.
  6558 | D:7      | Reached skill level 10 in Maces & Flails
  6598 | D:7      | Reached skill level 1 in Dodging
  6761 | D:7      | Found a hazy altar of Hepliaklqana.
  6762 | D:7      | Found a glowing silver altar of Zin.
  6833 | D:7      | Identified the +3 leather armour of the Modern Yaks {rPois
                  | rCorr Dex-3 Stlth+}
  7128 | D:7      | Reached XP level 10. HP: 92/92 MP: 10/10
  7643 | D:8      | Found a shimmering altar of Xom.
  7704 | D:8      | Reached ***** piety under Okawaru
  8160 | D:8      | Slain by a komodo dragon

Illustrated notes

Levels and vault maps discovered:
D:1:      sevenhm_arrival_forest_fort_small_6, layout_rooms
D:2:      layout_rooms, grunt_ministairs_3, kennysheep_generic_room_4
D:3:      layout_rooms, mainiacjoe_overflow_concentric_impassable,
          nicolae_uskayaw_en_pointe, serial_shops, shop,
          nicolae_shop_hallway_plus, nicolae_shop_stone, nicolae_square_shop,
          shop_statue, uniq_jessica
D:4:      layout_cave_pools, lemuel_mausoleum_altar_yredelemnul,
          minmay_temple_entry_glass, serial_park, serial_park_square2,
          serial_park_tiny_pond, serial_park_square2, roderic_lattice_a,
          minivault_24, grunt_ministairs_11, patterned_corridor,
          uniq_crazy_yiuf_cottage, uniq_ijyb, uniq_pikel
D:5:      layout_loops_ring, grunt_temple_overflow_magic_moments,
          mainiacjoe_overflow_chevrons, biasface_ghost_orc_armoury,
          uniq_menkaure
D:6:      layout_rooms, mainiacjoe_overflow_alcove_2,
          nicolae_overflow_crystal_walls, ebering_ghost_sewer_f,
          nicolae_kite_square_tiling_tiny
D:7:      layout_gridville, gammafunk_temple_overflow_pools, serial_glass,
          glass_columns_a, glass_columns_b, serial_shops,
          nicolae_shop_competitors_out_of_business
D:8:      kennysheep_steamy, layout_rooms, mainiacjoe_overflow_brackets,
          serial_demonic, serial_demonic_g, serial_demonic_a, serial_demonic_g,
          serial_demonic_e, chequers_avenue, grunt_decor_arrowhead
Temple:   nicolae_temple_godpark

Skill      XL: |  1  2  3  4  5  6  7  8  9 10 |
---------------+-------------------------------+-----
Maces & Flails | 2 3 4 5 7 9 10 | 10.7
Fighting       | 3 4 5 6 7 |  7.0
Armour         | 6 7 |  7.0
Shields        | 5 |  5.0
Dodging        | 1 3 |  3.2

Action                   |  1- 3 |  4- 6 |  7- 9 | 10-12 || total
-------------------------+-------+-------+-------+-------++-------
Melee: Flail             |   111 |   186 |   401 |   125 ||   823
       Tailslap          |    11 |    22 |    54 |    19 ||   106
 Fire: Sling             |       |    15 |     1 |       ||    16
Throw: Dart              |       |     3 |     1 |     1 ||     5
       Throwing net      |       |     1 |       |       ||     1
Invok: Heroism           |       |       |     2 |       ||     2
  Use: Scroll            |       |     4 |     6 |       ||    10
       Potion            |       |     2 |     1 |     2 ||     5
Armor: Scale mail        |    63 |    91 |   199 |    57 ||   410
Dodge: Dodged            |    37 |    57 |   115 |    46 ||   255
Block: Buckler           |    17 |    32 |    64 |    30 ||   143

Table legend: (Time is in decaauts)
 A = Elapsed time spent in this place.
 B = Non-inter-level travel time spent in this place.
 C = Inter-level travel time spent in this place.
 D = Time resting spent in this place.
 E = Time spent auto-exploring this place.
 F = Levels seen in this place.
 G = Mean time per level.
                   A        B        C        D        E       F      G
               +--------+--------+--------+--------+--------+-----+--------+
         Total |   8226 |   7825 |    401 |   2357 |   3682 |   9 |  914.0 |
       Dungeon |   8048 |   7690 |    358 |   2357 |   3558 |   8 | 1006.0 |
        Temple |    177 |    135 |     42 |      0 |    124 |   1 |  177.0 |
               +--------+--------+--------+--------+--------+-----+--------+

Top non-repeatable levels by time:
     D:4: 1755 daAuts
     D:5: 1398 daAuts
     D:6: 987 daAuts
     D:7: 857 daAuts
     D:2: 805 daAuts
     D:1: 802 daAuts
     D:8: 763 daAuts
     D:3: 678 daAuts
  Temple: 177 daAuts
